Map: King Sejong Station LE

Players

Osiris - Winner!

  • Race: Terran Terran
  • League: Diamond

A.I. 1 (Elite)

  • Race: Terran Terran

VOD

Have the link to the VOD?

Description

Time

  • Played on: July 23, 2016, 10:20 a.m.
  • Length: 10:39
Show
View Real Time Build Order
Export as new Build Order

Osiris Terran - Winner!

Build Orders: Hellion Opening, Reaper Expand, Mech 

Get SALT Encoding   

  12  0:00  SCV  
  13  0:13  SCV  
  14  0:17  Supply Depot  
  14  0:25  SCV  
  14  0:28  Refinery  
  15  0:38  SCV  
  16  0:45  Barracks  
  16  0:52  SCV  
  17  1:04  SCV  
  18  1:16  SCV  
  19  1:32  Orbital Command  
  19  1:33  Reaper  
  20  1:45  Command Center  
  20  1:54  Factory  
  20  1:59  SCV  
  21  2:09  Barracks Reactor  
  21  2:11  SCV  
  21  2:12  Supply Depot  
  22  2:16  Refinery  
  22  2:24  SCV  
  23  2:36  SCV  
  24  2:44  Starport  
  24  2:48  SCV  
  24  2:51  Hellion x2  
  29  2:56  Orbital Command  
  29  3:02  SCV  
  30  3:12  Hellion x2  
  34  3:14  SCV  
  35  3:21  Viking  
  35  3:24  SCV  
  35  3:26  SCV  
  39  3:34  Supply Depot  
  39  3:37  Hellion x2  
  39  3:39  Barracks Tech Lab  
  39  3:40  SCV  
  44  3:41  SCV  
  45  3:52  SCV  
  46  3:58  Supply Depot  
  46  4:01  Hellion x2, SCV  
  51  4:04  Raven  
  51  4:07  SCV, Refinery  
  51  4:08  Refinery  
  54  4:15  Supply Depot  
  54  4:19  SCV x2  
  54  4:22  Barracks Reactor  
  56  4:26  Factory  
  56  4:31  SCV  
  56  4:33  SCV  
  56  4:37  Hellion  
  56  4:38  Hellion  
  62  4:39  Supply Depot  
  62  4:42  Supply Depot  
  62  4:45  SCV  
  63  4:51  SCV  
  64  5:03  SCV  
  64  5:05  Supply Depot  
  64  5:06  Viking x2  
  69  5:07  Hellion x2  
  69  5:13  SCV  
  74  5:17  Siege Tank  
  77  5:26  SCV  
  77  5:27  SCV  
  79  5:28  Supply Depot  
  79  5:29  Hellion  
  79  5:30  Hellion  
  83  5:40  Viking x2  
  87  5:43  SCV x2  
  87  5:46  Supply Depot  
  89  5:51  Siege Tank  
  89  5:53  Liberator x2  
  89  5:56  SCV  
  94  5:57  SCV  
  94  5:58  Hellion  
  94  6:01  Hellion  
  94  6:02  Supply Depot  
  105  6:11  SCV  
  105  6:14  SCV  
  106  6:18  Armory  
  106  6:21  Supply Depot  
  106  6:23  SCV  
  107  6:31  SCV  
  108  6:33  Hellion  
  108  6:34  Siege Tank  
  108  6:35  SCV  
  108  6:37  Hellion  
  116  6:40  Supply Depot  
  116  6:43  SCV  
  116  6:44  Supply Depot  
  84  7:16  Hellion x2, Siege Tank  
  91  7:23  Factory x2  
  91  7:25  Infernal Pre-Igniter, Factory  
  91  7:26  Terran Vehicle Weapons Level 1  
  91  7:34  Command Center  
  91  7:40  Hellion x2, Viking x2  
  99  7:47  SCV  
  100  8:04  Siege Tank  
  100  8:05  Hellion x2  
  107  8:06  SCV  
  107  8:07  SCV  
  107  8:12  Factory Tech Lab x2  
  109  8:13  Factory Reactor  
  103  8:27  Refinery  
  103  8:31  Refinery  
  103  8:36  Siege Tank  
  103  8:37  SCV  
  103  8:50  SCV  
  104  9:00  Siege Tank  
  104  9:01  Hellion x3, Siege Tank  
  104  9:02  Hellion, Viking x2  
  120  9:04  SCV x2  
  120  9:05  Orbital Command  
  120  9:09  Hellion x3  
  124  9:16  SCV x2  
  126  9:24  Command Center  
  126  9:32  SCV  
  126  9:33  SCV x2  
  126  9:34  Hellion  
  126  9:35  Hellion x3, Siege Tank x3  
  126  9:36  Viking  
  148  9:51  SCV  
  148  9:52  SCV x2  
  151  10:09  SCV  
  151  10:10  SCV  
  151  10:11  Hellion  
  164  10:17  Supply Depot  
  164  10:18  Supply Depot  
  164  10:23  SCV x2  
Show
View Real Time Build Order
Export as new Build Order

A.I. 1 (Elite) Terran 

Build Orders: MMM Bio 

Get SALT Encoding   

  12  0:00  SCV  
  13  0:13  SCV  
  14  0:18  Supply Depot  
  14  0:25  SCV  
  15  0:39  SCV  
  16  0:43  Barracks  
  16  0:51  SCV  
  17  1:03  SCV  
  18  1:15  SCV  
  19  1:18  Command Center  
  19  1:32  Marine  
  20  1:33  Orbital Command  
  20  1:38  Refinery  
  20  1:50  Supply Depot, Marine  
  21  1:58  SCV  
  22  2:03  Refinery  
  22  2:08  Marine  
  23  2:15  Barracks  
  22  2:16  SCV  
  23  2:26  Marine  
  23  2:28  SCV  
  25  2:30  SCV  
  25  2:33  Supply Depot  
  26  2:40  SCV  
  27  2:49  Orbital Command  
  27  2:53  Marine  
  27  2:55  SCV  
  29  3:08  SCV, Factory  
  29  3:12  Marine  
  31  3:13  Marine  
  31  3:17  SCV  
  33  3:20  SCV  
  34  3:29  SCV  
  34  3:30  Marine x2  
  34  3:32  SCV  
  38  3:36  Barracks  
  38  3:41  SCV  
  38  3:44  SCV  
  40  3:49  Barracks Tech Lab x2  
  40  3:53  SCV  
  40  3:54  Factory Tech Lab, Starport  
  41  3:56  SCV  
  42  4:05  SCV  
  42  4:07  Marine x2  
  42  4:09  SCV, Combat Shields  
  46  4:10  Stimpack  
  46  4:17  Supply Depot  
  46  4:18  SCV  
  46  4:21  SCV  
  48  4:24  Marine  
  48  4:25  Marine  
  48  4:27  Marine  
  48  4:31  Medivac  
  53  4:38  SCV x2  
  54  4:39  Supply Depot  
  54  4:41  Supply Depot  
  54  4:42  Marine x2  
  57  4:48  Marine  
  58  4:55  SCV x2  
  60  5:01  Marauder x2, Medivac  
  60  5:04  Refinery  
  66  5:07  SCV  
  66  5:08  SCV  
  66  5:09  Supply Depot  
  66  5:13  Refinery  
  68  5:19  SCV  
  68  5:20  SCV  
  70  5:22  Marauder  
  70  5:23  Marauder  
  74  5:31  SCV, Engineering Bay  
  74  5:32  SCV  
  74  5:34  Supply Depot  
  76  5:39  Engineering Bay  
  76  5:40  Command Center  
  76  5:41  Barracks Reactor  
  76  5:43  Marauder, SCV  
  79  5:51  SCV  
  79  5:55  Marauder, SCV  
  83  5:58  Terran Infantry Weapons Level 1  
  83  6:03  SCV  
  84  6:05  Terran Infantry Armor Level 1, Marauder  
  84  6:06  Supply Depot  
  84  6:08  SCV  
  84  6:11  Siege Tank  
  90  6:17  Marauder, Concussive Shells  
  92  6:22  Missile Turret  
  92  6:25  Missile Turret  
  92  6:28  Marauder  
  92  6:30  Barracks  
  93  6:33  Supply Depot  
  93  6:36  Starport Reactor  
  93  6:38  Marauder  
  95  6:42  Widow Mine  
  97  6:49  Missile Turret  
  97  6:50  Marauder  
  97  6:52  SCV  
  100  6:55  SCV x2  
  100  6:59  Marauder  
  100  7:00  Marine  
  84  7:01  Marine  
  84  7:04  SCV  
  84  7:07  SCV  
  77  7:09  SCV  
  77  7:10  Marine  
  77  7:11  Widow Mine  
  70  7:16  SCV  
  70  7:17  Marine x2  
  70  7:19  SCV, Marine  
  70  7:21  SCV, Marauder  
  73  7:28  SCV, Marine  
  73  7:31  SCV  
  73  7:32  Viking  
  73  7:34  Marine  
  73  7:35  SCV, Marine  
  79  7:37  Marine  
  79  7:40  Siege Tank  
  79  7:41  SCV  
  79  7:42  Marauder  
  79  7:43  SCV  
  77  7:46  Marine  
  77  7:47  SCV  
  68  7:52  Marine  
  68  7:53  SCV, Marine  
  68  7:56  Marine  
  68  8:00  SCV  
  68  8:02  SCV  
  68  8:03  Marine  
  68  8:04  Marauder  
  68  8:05  SCV  
  74  8:11  Marine x2  
  75  8:14  Marine  
  75  8:15  SCV  
  75  8:17  SCV  
  71  8:21  Marauder  
  45  8:38  Marine  
  44  8:43  Marauder  
  44  8:49  Marine  
  44  8:50  Marine  
  44  8:52  Marine  
  47  8:55  SCV  
  47  8:57  Marauder  
  47  8:58  SCV  
  50  9:04  Marauder  
  50  9:07  SCV  
  53  9:10  SCV  
  53  9:15  Marine  
  49  9:18  Marine  
  49  9:19  SCV  
  49  9:22  Marine  
  44  9:31  SCV  
  35  9:33  SCV, Marine  
  35  9:34  Marauder  
  35  9:37  Marauder  
  39  9:43  SCV  
  30  9:54  SCV, Siege Tank, Marine x2  
  30  9:58  Marauder  
Tags
 
Add a new tag
Caveats
  • Supply blocks, unpowered buildings, or Contaminate may cause inaccurate times.
  • Supply counts are checked every 10 seconds.